 Dungeon Crawl Stone Soup version 0.23-a0-49-gd9f7a49 (webtiles) character file.

37 Amnesiac the Digger (level 3, -3/24 HPs)
             Began as a Mummy Earth Elementalist on Aug 6, 2018.
             Was an Initiate of Vehumet.
             Slain by a gnoll
             ... wielding a +0 spear
              (11 damage)
             ... on level 4 of the Dungeon.
             The game lasted 00:03:23 (928 turns).

Amnesiac the Digger (Mummy Earth Elementalist)       Turns: 928, Time: 00:03:24

Health: -3/24      AC:  2    Str: 11    XL:     3   Next: 23%
Magic:  0/7        EV: 12    Int: 15    God:    Vehumet [......]
Gold:   18         SH:  0    Dex: 12    Spells: 2/8 levels left

rFire    x . .     SeeInvis .   (no weapon)
rCold    + . .     Gourm    .   (no shield)
rNeg     + + +     Faith    .   c - +0 robe
rPois    ∞         Spirit   .   (no helmet)
rElec    .         Reflect  .   (no cloak)
rCorr    .         Harm     .   (no gloves)
MR       +....                  (no boots)
Stlth    ++........             (no amulet)
HPRegen  0.08/turn              a - ring of protection from magic
MPRegen  0.10/turn              (no ring)

@: no status effects
A: no food or potions, fire vulnerability, cold resistance 1, negative energy
resistance 3, torment resistance, unbreathing
a: Renounce Religion


You were on level 4 of the Dungeon.
You worshipped Vehumet.
Vehumet was noncommittal.
You were not hungry.

You visited 1 branch of the dungeon, and saw 5 of its levels.

You collected 18 gold pieces.

Inventory:

Missiles
 b - 61 stones (quivered)
Armour
 c - a +0 robe (worn)
Jewellery
 a - a ring of protection from magic (left hand)
Scrolls
 d - a scroll of remove curse {!r, unknown}
 e - 3 scrolls of identify {!r, unknown}


   Skills:
 - Level 1.5 Dodging
 - Level 1.5 Stealth
 + Level 3.3 Spellcasting
 - Level 0.7 Transmutations
 * Level 3.3 Earth Magic


You had 2 spell levels left.
You knew the following spells:

 Your Spells              Type           Power        Failure   Level  Hunger
a - Sandblast             Erth           ##....       4%          1    N/A
b - Passwall              Tmut/Erth      #.......     13%         2    N/A
c - Stone Arrow           Conj/Erth      #.....       28%         3    N/A

Your spell library contained the following spells:

 Spells                   Type           Power        Failure   Level  Hunger
 Lee's Rapid Deconstruct  Erth           ##........   80%         5    N/A
 Petrify                  Tmut/Erth      #.......     63%         4    N/A

Dungeon Overview and Level Annotations

Branches:
Dungeon (5/15)
 Temple: D:4-7

Altars:
Okawaru
Vehumet

Portals:
Sewer: D:4


Innate Abilities, Weirdness & Mutations

You do not eat or drink.
Your flesh is vulnerable to fire.
You are immune to poison.
Your flesh is cold resistant. (rC+)
You are immune to negative energy. (rN+++)
You are immune to unholy pain and torment.
You can survive without breathing.


Message History

Casting: Sandblast (safe; 4% risk of failure)
Confirm with . or Enter, or press ? or * to list all spells.
Aiming: Sandblast (safe; 4% risk of failure)
Press: ? - help, Shift-Dir - straight line, f/p - gnoll shaman
Aim: a gnoll shaman, wielding a club and wearing a robe (heavily wounded)
The blast of sand hits the gnoll shaman.
The gnoll shaman is severely wounded.
b - 64 stones The gnoll shaman closely misses you.
Casting: Sandblast (safe; 4% risk of failure)
Confirm with . or Enter, or press ? or * to list all spells.
Aiming: Sandblast (safe; 4% risk of failure)
Press: ? - help, Shift-Dir - straight line, f/p - gnoll shaman
Aim: a gnoll shaman, wielding a club and wearing a robe (severely wounded)
The blast of sand hits the gnoll shaman.
The gnoll shaman is severely wounded.
b - 63 stones The gnoll shaman prays to its god.
The gnoll shaman is healed somewhat.
Casting: Sandblast (safe; 4% risk of failure)
Confirm with . or Enter, or press ? or * to list all spells.
You don't have enough magic to cast that spell.
Casting: Sandblast (safe; 4% risk of failure)
Confirm with . or Enter, or press ? or * to list all spells.
You don't have enough magic to cast that spell.
Unknown command.
Casting: Sandblast (safe; 4% risk of failure)
Confirm with . or Enter, or press ? or * to list all spells.
You don't have enough magic to cast that spell.
An adder skeleton comes into view.
Casting: Sandblast (safe; 4% risk of failure)
Confirm with . or Enter, or press ? or * to list all spells.
You don't have enough magic to cast that spell.
The adder skeleton bites you but does no damage.
The adder skeleton closely misses you. 2 gnolls come into view.
The gnoll shouts! x2
The adder skeleton barely misses you.
The leopard gecko hisses angrily.
The gnoll hits you but does no damage. The gnoll closely misses you.
The gnoll hits you with a spear!
* * * LOW HITPOINT WARNING * * *
The gnoll misses you. x2
Casting: Sandblast (safe; 4% risk of failure)
Confirm with . or Enter, or press ? or * to list all spells.
Aiming: Sandblast (safe; 4% risk of failure)
Press: ? - help, Shift-Dir - straight line, f - gnoll
Aim: a gnoll, wielding a spear (fast)
The blast of sand hits the gnoll.
b - 62 stones The gnoll closely misses you.
The adder skeleton misses you. The gnoll hits you but does no damage.
The gnoll hits you with a spear.
* * * LOW HITPOINT WARNING * * *
Unknown command.
Casting: Sandblast (safe; 4% risk of failure)
Confirm with . or Enter, or press ? or * to list all spells.
Aiming: Sandblast (safe; 4% risk of failure)
Press: ? - help, Shift-Dir - straight line, f/p - gnoll
Aim: a gnoll, wielding a spear (fast)
The blast of sand hits the gnoll.
The gnoll is moderately wounded.
b - 61 stones The gnoll hits you with a spear!
You die...

,,,,<,,#.......†!...#**
,,,,,,*##.....#####...#
,**,,,,#.###..# *.#.#
,,,,,,,,*#.l.># *.#,*
,***,*,,*#.#..# *.#,*
,,,,,#,,*#.#..#####.#,*
,,,,,#.,*#.#.....g.g#,*******
****,#..##.#.###Z#.##,,,,,,,*
*,#..#....###@#.#*******,*
*,#.........gg#.# *,*
*....#..(###g.#.#*******,*
*##.*##.## #..#.#*,,,,,,,*
*,* #.# #..#.#*,******* *,*
#.# #..#.#*,*
#,###.####..#.#*,*
#.#...........#*,*
#......###..###*,*


You could see a gnoll shaman, 3 gnolls and an adder skeleton.

Vanquished Creatures
  A gnoll (D:4)
  An adder (D:4)
  An ooze (D:4)
  4 giant cockroaches (D:4)
  2 hobgoblins
  2 ball pythons
  2 bats (D:2)
  A frilled lizard (D:2)
  2 rats
16 creatures vanquished.

Notes
Turn   | Place    | Note
-------+----------+-------------------------------------------
     0 | D:1      | Amnesiac the Mummy Earth Elementalist began the quest for the Orb.
     0 | D:1      | Reached XP level 1. HP: 13/13 MP: 4/4
    53 | D:2      | Found an iron altar of Okawaru.
   420 | D:3      | Noticed an orc priest
   437 | D:4      | Reached XP level 2. HP: 19/19 MP: 2/5
   441 | D:4      | Learned a level 2 spell: Passwall
   551 | D:5      | Entered Level 5 of the Dungeon
   676 | D:4      | Found a glowing drain.
   835 | D:4      | Reached XP level 3. HP: 24/24 MP: 3/7
   840 | D:4      | Learned a level 3 spell: Stone Arrow
   871 | D:5      | Found a radiant altar of Vehumet.
   874 | D:5      | Became a worshipper of Vehumet
   928 | D:4      | Slain by a gnoll

Vault maps used:
D:1:      lemuel_arrival_river_bridge
D:2:      nicolae_overflow_crystal_walls
D:3:      gammafunk_wand_slinger, chequers_temple_overflow_statue_of_worship,
          first_ration
D:4:      grunt_gozag_breadcrumbs, portal_sewer_entry_a
D:5:      kennysheep_mini, kennysheep_mini_moat, uniq_edmund, uniq_duvessa

Skill      XL: |  1  2 |
---------------+-------+-----
Spellcasting   | 3 |  3.3
Earth Magic    | 3 |  3.3
Dodging        | |  1.5
Stealth        | |  1.5
Transmutations | |  0.7

Action                   || total
-------------------------++-------
 Cast: Sandblast         ||    48
  Use: Scroll            ||     3
Armor: Robe              ||     7
Dodge: Dodged            ||    25

Table legend:
 A = Spawn XP
 B = Non-spawn XP
 C = Spawn XP percentage of total XP
 D = Spawn monster count
 E = Non-spawn monster count
 F = Spawn count percentage of total count
 G = Total turns spent on level
                    A         B        C        D         E        F      G
               +---------+---------+-------+---------+---------+-------+---------
         Total |       0 |      54 |   0.0 |       0 |      16 |   0.0 |   928
               +---------+---------+-------+---------+---------+-------+---------
           D:2 |       0 |       6 |   0.0 |       0 |       4 |   0.0 |   240
           D:3 |       0 |       3 |   0.0 |       0 |       2 |   0.0 |   139
           D:4 |       0 |      44 |   0.0 |       0 |       9 |   0.0 |   389
           D:5 |       0 |       1 |   0.0 |       0 |       1 |   0.0 |   110
               +---------+---------+-------+---------+---------+-------+---------
